 Dungeon Crawl Stone Soup version 0.23.0 (webtiles) character file.

Game seed: 9186890595458929777

5656 Azzok the Thaumaturge (level 10, -10/50 HPs)
             Began as a Deep Elf Fire Elementalist on Feb 11, 2019.
             Was a Believer of Vehumet.
             Killed from afar by a deep elf knight (37 damage)
             ... with a stone arrow
             ... on level 10 of the Dungeon.
             The game lasted 00:18:35 (11542 turns).

Azzok the Thaumaturge (Deep Elf Fire Elementalist) Turns: 11542, Time: 00:18:36

Health: -10/50     AC:  5    Str:  5    XL:     10   Next: 46%
Magic:  20/27      EV: 13    Int: 26    God:    Vehumet [**....]
Gold:   422        SH:  0    Dex: 15    Spells: 19/32 levels left

rFire    . . .     SeeInvis .   D - +3 short sword (venom)
rCold    . . .     Gourm    .   (no shield)
rNeg     . . .     Faith    +   (no armour)
rPois    +         Spirit   .   (no helmet)
rElec    .         Reflect  .   I - +2 cloak {MR+}
rCorr    .         Harm     .   k - +0 pair of gloves
MR       ++...                  y - +0 pair of boots (curse)
Stlth    ++........             m - amulet of faith
HPRegen  0.16/turn              J - ring of poison resistance
MPRegen  0.20/turn              K - +2 ring of intelligence

@: no status effects
A: no striking features
a: Renounce Religion


You were on level 10 of the Dungeon.
You worshipped Vehumet.
Vehumet was pleased with you.
You were not hungry.

You visited 2 branches of the dungeon, and saw 11 of its levels.

You collected 422 gold pieces.

Inventory:

Hand Weapons
 D - a +3 short sword of venom (weapon)
 M - a +0 battleaxe of electrocution
Armour
 a - a +1 robe
 k - a +0 pair of gloves (worn)
 u - a +1 robe of cold resistance
 y - a cursed +0 pair of boots (worn)
 F - a +0 pair of boots
 I - a +2 cloak of magic resistance (worn)
Jewellery
 d - an uncursed ring of protection from cold
 m - an amulet of faith (around neck)
 B - an uncursed ring of wizardry
 J - a ring of poison resistance (left hand)
 K - a +2 ring of intelligence (right hand)
 O - an uncursed ring of magical power {unknown}
Wands
 n - a wand of paralysis (6)
 r - a wand of disintegration (13)
 G - a wand of enslavement (25)
 H - a wand of flame (20)
 P - a wand of acid (5)
 Q - a wand of iceblast (11)
Scrolls
 b - a scroll of enchant armour
 e - 6 scrolls of teleportation
 f - 2 scrolls of fog
 i - 2 scrolls of blinking
 p - 2 scrolls of magic mapping
 q - 4 scrolls of remove curse
 v - 2 scrolls of amnesia
 w - 2 scrolls of fear
 x - a scroll of enchant weapon
 L - 3 scrolls of identify
Potions
 g - 3 potions of berserk rage
 h - 4 potions of might
 j - a potion of lignification {unknown}
 l - 3 potions of curing {unknown}
 o - 3 potions of ambrosia {unknown}
 s - a potion of brilliance {unknown}
 t - 2 potions of invisibility {unknown}
 z - a potion of flight
 A - 2 potions of haste
 C - 4 potions of heal wounds
 E - 2 potions of magic
Comestibles
 c - 21 rations
 N - 3 chunks of flesh


   Skills:
 - Level 2.4 Dodging
 - Level 2.4 Stealth
 + Level 11.9 Spellcasting
 + Level 10.0 Conjurations
 + Level 10.4 Fire Magic


You had 19 spell levels left.
You knew the following spells:

 Your Spells              Type           Power        Failure   Level  Hunger
a - Flame Tongue          Conj/Fire      #####        1%          1    None
b - Conjure Flame         Conj/Fire      ######..     1%          3    None
c - Sticky Flame          Conj/Fire      ######..     1%          4    None
d - Fireball              Conj/Fire      ######....   1%          5    ###....

Your spell library contained the following spells:

 Spells                   Type           Power        Failure   Level  Hunger
 Stone Arrow              Conj/Erth      #####.       1%          3    None
 Throw Flame              Conj/Fire      ######       1%          2    None
 Inner Flame              Hex/Fire       #####...     1%          3    None
 Animate Skeleton         Necr           N/A          3%          1    None
 Apportation              Tloc           ###...       3%          1    None
 Confusing Touch          Hex            ###...       3%          1    None
 Summon Small Mammal      Summ           ###.         3%          1    None


Dungeon Overview and Level Annotations

Branches:
Dungeon (10/15)            Temple (1/1) D:4            Lair (0/6) D:9
    Orc: D:9-12

Altars:
Ashenzari
Cheibriados
Dithmenos
Fedhas
Gozag
Hepliaklqana
Kikubaaqudgha
Makhleb
Nemelex Xobeh
Okawaru
Qazlal
Ru
Sif Muna
Trog
Uskayaw
Vehumet
Wu Jian
Xom
Yredelemnul
Zin
The Shining One
Lugonu

Shops:
D:4 }   D:7 (


Message History

You don't know that spell.
Unknown command.
Casting: Fireball (safe; 1% risk of failure)
Confirm with . or Enter, or press ? or * to list all spells.
Aiming: Conjure Flame (safe; 1% risk of failure)
Press: ? - help, Dir - move target cursor The fire ignites!
The deep elf knight casts a spell at you.
The stone arrow hits you!!
Casting: Conjure Flame (safe; 1% risk of failure)
Confirm with . or Enter, or press ? or * to list all spells.
Aiming: Flame Tongue (safe; 1% risk of failure)
Press: ? - help, Shift-Dir - straight line, f - deep elf knight
Aim: a deep elf knight, wielding a +1 short sword of venom and wearing a +0 leather armour The flame tongue hits the deep elf knight.
The deep elf knight is lightly wounded.
The deep elf knight points at you and mumbles some strange words.
The stone arrow hits you!!!
Ouch! That really hurt!
You die...

··········▒··
▒···········▒·
·············
▒▒▒·········▒
·▒·······▒··▒ ▒
·········▒··▒▒ ▒†·
▒·····▒▒▒▒···▒ ▒·?··
··▒▒·······▒·▒▒▒▒▒▒···▒
▒▒▒▒▒▒▒▒▒·······@§·e·▒
▒▒▒▒▒▒▒········▒▒▒▒··▒
·············▒·▒ ····
▒▒▒····▒▒····▒·▒ ▒▒··
▒···▒▒▒▒▒······▒ ·
···▒▒ ▒▒▒▒▒▒▒▒ ···▒
···▒ ···▒


You could see a deep elf knight.

Vanquished Creatures
  Maurice (D:10)
  Joseph (D:7)
  A hornet (D:9)
  A wraith (D:8)
  Menkaure (D:6)
  A soldier ant (D:9)
  Duvessa (D:7)
  A water moccasin (D:8)
  2 phantoms
  3 sky beasts
  A black bear (D:10)
  A necrophage (D:9)
  2 ice beasts (D:10)
  8 ogres
  A centaur (D:10)
  A crocodile (D:10)
  2 elf zombies (D:8)
  7 bullfrogs
  3 scorpions
  Dowan (D:7)
  4 wights
  2 quasits
  2 bullfrog zombies
  A centaur zombie (D:9)
  5 crimson imps
  4 human zombies (D:8)
  2 jellies
  6 hounds
  A bullfrog skeleton (D:9)
  An orc priest (D:9)
  Crazy Yiuf (D:6)
  3 iguanas
  7 orc wizards
  An iron imp (D:6)
  A centaur skeleton (D:9)
  7 worker ants
  2 hound zombies
  A hound skeleton (D:4)
  3 mummies (D:8)
  A worker ant zombie (D:8)
  8 gnolls
  10 adders
  2 shadow imps
  An adder skeleton (D:9)
  3 worms
  3 dart slugs
  2 leopard geckos
  26 orcs
  4 giant cockroaches
  11 goblins
  2 hobgoblins
  7 jackals
  2 quokkas
  9 bats
  9 frilled lizards
  A jackal skeleton (D:5)
  8 kobolds
  2 leopard gecko zombies (D:5)
  An orc zombie (D:8)
  A quokka zombie (D:5)
  7 rats
214 creatures vanquished.

Vanquished Creatures (others)
  A fungus (D:9)
1 creature vanquished.

Grand Total: 215 creatures vanquished

Notes
Turn   | Place    | Note
-------+----------+-------------------------------------------
     0 | D:1      | Azzok the Deep Elf Fire Elementalist began the quest for
                  | the Orb.
     0 | D:1      | Reached XP level 1. HP: 10/10 MP: 6/6
   209 | D:1      | Reached XP level 2. HP: 15/15 MP: 4/8
  1119 | D:2      | Reached XP level 3. HP: 19/19 MP: 7/10
  1623 | D:2      | You fall through a shaft!
  1626 | D:3      | Reached skill level 4 in Spellcasting
  2299 | D:2      | Learned a level 3 spell: Conjure Flame
  2457 | D:3      | Found a stormy altar of Qazlal.
  2519 | D:3      | Reached XP level 4. HP: 17/24 MP: 8/12
  2560 | D:3      | Learned a level 4 spell: Sticky Flame
  2661 | D:3      | Found an ornate altar of the Wu Jian Council.
  2814 | D:3      | Noticed an ogre
  2834 | D:3      | Killed an ogre
  2834 | D:3      | Reached XP level 5. HP: 28/28 MP: 1/14
  3024 | D:3      | Reached skill level 5 in Spellcasting
  3597 | D:4      | Noticed a phantom
  3607 | D:4      | Killed a phantom
  3607 | D:4      | Reached skill level 5 in Fire Magic
  3607 | D:4      | Reached XP level 6. HP: 30/32 MP: 6/16
  3614 | D:4      | Learned a level 5 spell: Fireball
  3925 | D:4      | Found a staircase to the Ecumenical Temple.
  3938 | Temple   | Entered the Ecumenical Temple
  4020 | D:4      | Found an iron altar of Okawaru.
  4029 | D:4      | Found a glowing golden altar of the Shining One.
  4194 | D:4      | Reached skill level 6 in Spellcasting
  4319 | D:4      | Found Geatalidu's Gadget Shop.
  4356 | D:4      | Found a glowing silver altar of Zin.
  4356 | D:4      | Found an opulent altar of Gozag.
  4605 | D:5      | Entered Level 5 of the Dungeon
  4733 | D:5      | Reached XP level 7. HP: 33/36 MP: 10/18
  4737 | D:5      | Reached skill level 5 in Conjurations
  5621 | D:6      | Reached skill level 7 in Spellcasting
  5728 | D:6      | Found a snail-covered altar of Cheibriados.
  6123 | D:6      | Found a stormy altar of Qazlal.
  6226 | D:6      | Noticed Menkaure
  6232 | D:6      | Killed Menkaure
  6232 | D:6      | Reached XP level 8. HP: 12/41 MP: 2/21
  6532 | D:6      | Found a runed translucent door.
  6533 | D:6      | Noticed Crazy Yiuf
  6554 | D:6      | Found a hazy altar of Hepliaklqana.
  6631 | D:6      | Killed Crazy Yiuf
  6631 | D:6      | Reached skill level 8 in Spellcasting
  6925 | D:7      | Found a deep blue altar of Sif Muna.
  6937 | D:7      | Found a blossoming altar of Fedhas.
  7055 | D:7      | Noticed Joseph
  7169 | D:7      | Paralysed by Joseph for 4 turns
  7179 | D:7      | Killed Joseph
  7179 | D:7      | Reached skill level 9 in Spellcasting
  7512 | D:7      | Noticed Dowan
  7514 | D:7      | Noticed Duvessa
  7518 | D:7      | Killed Dowan
  7518 | D:7      | Killed Duvessa
  7518 | D:7      | Reached XP level 9. HP: 45/45 MP: 8/24
  7775 | D:8      | Found a shimmering altar of Xom.
  7775 | D:8      | Found a shimmering altar of Xom.
  7775 | D:8      | Found a shimmering altar of Xom.
  7813 | D:8      | Found a shimmering altar of Xom.
  7813 | D:8      | Found a shimmering altar of Xom.
  7816 | D:8      | Found a shimmering altar of Xom.
  7909 | D:8      | Found a radiant altar of Vehumet.
  7917 | D:8      | Became a worshipper of Vehumet
  8037 | D:8      | Noticed a fire crab
  8055 | D:8      | Reached skill level 10 in Spellcasting
  8516 | D:8      | Found an ancient bone altar of Kikubaaqudgha.
  9033 | D:8      | Reached * piety under Vehumet
  9033 | D:8      | Offered knowledge of Magic Dart by Vehumet.
  9045 | D:8      | Noticed a fire giant
  9066 | D:7      | Found Zoarumom's Weapon Boutique.
  9169 | D:7      | Found a shattered altar of Ashenzari.
  9211 | D:7      | Found a basalt altar of Yredelemnul.
  9618 | D:9      | Reached skill level 11 in Spellcasting
  9816 | D:9      | Found a staircase to the Lair.
  9848 | D:9      | Reached XP level 10. HP: 46/50 MP: 1/27
 10002 | D:9      | Found a hide-covered altar of Uskayaw.
 10006 | D:9      | Noticed a +0 hand axe
 10006 | D:9      | Noticed a +0 dagger
 10173 | D:9      | Offered knowledge of Sting by Vehumet.
 10174 | D:9      | Reached ** piety under Vehumet
 10674 | D:9      | Reached skill level 10 in Fire Magic
 10871 | D:10     | Entered Level 10 of the Dungeon
 11150 | D:10     | Found Baymeoc's Gadget Shop.
 11151 | D:10     | Noticed Maurice
 11156 | D:10     | Killed Maurice
 11334 | D:10     | Offered knowledge of Stone Arrow by Vehumet.
 11451 | D:10     | Reached skill level 10 in Conjurations
 11535 | D:10     | Noticed a deep elf knight
 11542 | D:10     | Killed from afar by a deep elf knight

Skill      XL: |  1  2  3  4  5  6  7  8  9 10 |
---------------+-------------------------------+-----
Conjurations   | 2 3 4 5 7 9 10 | 10.0
Spellcasting   | 4 5 6 7 9 11 | 11.9
Fire Magic     | 4 5 6 8 9 10 | 10.4
Dodging        | |  2.4
Stealth        | |  2.4

Action                   |  1- 3 |  4- 6 |  7- 9 | 10-12 || total
-------------------------+-------+-------+-------+-------++-------
Melee: Unarmed           |    15 |       |       |       ||    15
       Short sword       |       |     6 |    26 |    76 ||   108
 Cast: Flame Tongue      |    87 |    99 |   182 |    48 ||   416
       Conjure Flame     |       |     2 |     2 |     1 ||     5
       Sticky Flame      |       |     2 |    36 |     5 ||    43
       Fireball          |       |       |    22 |    26 ||    48
Evoke: Wand              |       |       |     3 |       ||     3
  Use: Scroll            |       |       |    19 |       ||    19
 Stab: Sleeping          |       |     1 |       |       ||     1
  Eat: Chunk             |     5 |     7 |    13 |     9 ||    34
       Ration            |       |       |     2 |       ||     2
Armor: Robe              |    16 |     8 |    12 |       ||    36
       Skin              |       |       |    15 |    29 ||    44
Dodge: Dodged            |    52 |    19 |    66 |    66 ||   203
